 Dungeon Crawl Stone Soup version 0.20.0-1-g1cb1d84 (webtiles) character file.

495 dududu the Slasher (level 7, -1/55 HPs)
             Began as a Barachi Skald on May 26, 2017.
             Was an Initiate of Ru.
             Slain by a worker ant (4 damage)
             ... on level 4 of the Dungeon.
             The game lasted 00:14:53 (2923 turns).

dududu the Slasher (Barachi Skald)                  Turns: 2923, Time: 00:14:54

Health: -1/55      AC:  6    Str: 14    XL:     7   Next: 15%
Magic:  8/9        EV:  9    Int: 13    God:    Ru [......]
Gold:   205        SH:  0    Dex: 12    Spells: 7/10 levels left

rFire    + . .     SeeInvis .   h - +0 dagger (drain)
rCold    . . .     Gourm    .   (no shield)
rNeg     . . .     Faith    .   q - +0 scale mail {rF+}
rPois    .         Spirit   .   (no helmet)
rElec    .         Reflect  .   (no cloak)
rCorr    .         Harm     .   (no gloves)
MR       .....                  (no boots)
Stlth    ..........             (no amulet)
Regen    0.2/turn               (no ring)
MPRegen  0.2/turn               (no ring)

@: very slightly contaminated, slow
A: +LOS, swims, low mp 1, slowness 1, strong legs 1
a: Hop, Renounce Religion


You were on level 4 of the Dungeon.
You worshipped Ru.
Ru was noncommittal.
You were not hungry.

You visited 1 branch of the dungeon, and saw 4 of its levels.

You collected 205 gold pieces.

Inventory:

Hand Weapons
 a - a +0 falchion
 h - a +0 dagger of draining (weapon)
Missiles
 g - 124 stones (quivered)
 l - 2 throwing nets
 p - 14 poisoned needles
Armour
 b - a +0 leather armour
 q - a +0 scale mail of fire resistance (worn)
Wands
 m - a wand of acid (4/15)
Scrolls
 e - a scroll of enchant weapon {unknown}
 j - a scroll of remove curse
Potions
 f - 2 potions of heal wounds
Books
 c - a book of Battle

   Spells                             Type                      Level
   a - Infusion                       Charms                       1
   b - Shroud of Golubria             Charms/Translocation         2
   c - Song of Slaying                Charms                       2
   d - Spectral Weapon                Hexes/Charms                 3
   e - Regeneration                   Charms/Necromancy            3
Comestibles
 d - 4 bread rations
 i - 18 chunks of flesh
 n - a meat ration
 o - a royal jelly


   Skills:
 + Level 4.9 Fighting
 - Level 6.7 Long Blades
 - Level 1.2 Armour
 - Level 2.1 Dodging
 - Level 2.1 Spellcasting
 + Level 5.0 Charms


You had 7 spell levels left.
You knew the following spells:

 Your Spells              Type           Power        Failure   Level  Hunger
a - Infusion              Chrm           ##..         14%         1    ##.....
b - Song of Slaying       Chrm           ##......     21%         2    ###....


Dungeon Overview and Level Annotations

Branches:
Dungeon (4/15)             Temple (0/1) D:4

Altars:
Hepliaklqana
Nemelex Xobeh
Ru
Xom
The Shining One


Innate Abilities, Weirdness & Mutations

Shadows flee at your approach. (+LOS)
You can swim through water.
Your magical capacity is low. (-10% MP)
You cover ground slowly.
You can hop short distances.


Message History

The ogre hits you with a giant club!
You hit the ogre. You drain the ogre!
The ogre is almost dead.
You barely miss the ogre.
The ogre is almost dead.
The ogre barely misses you.
You hit the ogre.
The ogre is almost dead.
The ogre hits you with a giant club!
* * * LOW HITPOINT WARNING * * *
You hit the ogre.
You kill the ogre!
Your Charms skill increases to level 5!
You have reached level 7!
Casting: Infusion
Confirm with . or Enter, or press ? or * to list all spells.
You miscast Infusion.
You are very lightly contaminated with residual magic.
You feel a strange surge of energy! The worker ant bites you.
You die...

#.#####...#...#
###.##.##
#####..###..#
#..........#
#..###.######
###+####.#
#.....#..#########
#.###.###.........
+.#>#[@..<########
#.#+#a#####
#...(.#
.######(####
.........†..#
#########...#
....... ###.####.#
..


You could see a worker ant.

Vanquished Creatures
  Sigmund (D:3)
  An ogre (D:4)
  A scorpion (D:4)
  Terence (D:3)
  Ijyb (D:3)
  4 adders (D:2)
  3 worms (D:2)
  3 dart slugs
  A leopard gecko (D:2)
  5 orcs
  14 giant cockroaches
  5 goblins
  12 hobgoblins
  14 jackals (D:3)
  6 kobolds
  5 ball pythons
  4 bats
  5 frilled lizards
  11 rats
97 creatures vanquished.

Notes
Turn   | Place    | Note
-------+----------+-------------------------------------------
     0 | D:1      | dududu the Barachi Skald began the quest for the Orb.
     0 | D:1      | Reached XP level 1. HP: 17/17 MP: 3/3
   122 | D:1      | Reached skill level 3 in Long Blades
   143 | D:1      | Reached XP level 2. HP: 23/23 MP: 5/5
   519 | D:1      | Found a shimmering altar of Xom.
   720 | D:2      | Reached skill level 4 in Long Blades
   728 | D:2      | Reached XP level 3. HP: 23/28 MP: 6/6
   898 | D:2      | Reached skill level 5 in Long Blades
   903 | D:2      | Reached XP level 4. HP: 31/34 MP: 0/7
  1051 | D:2      | Found a sacrificial altar of Ru.
  1068 | D:2      | Became a worshipper of Ru the Awakened
  1364 | D:3      | Found a hazy altar of Hepliaklqana.
  1366 | D:3      | Noticed Ijyb
  1400 | D:3      | Killed Ijyb
  1400 | D:3      | Reached skill level 6 in Long Blades
  1400 | D:3      | Reached XP level 5. HP: 7/39 MP: 8/8
  1745 | D:3      | Noticed Sigmund
  1875 | D:3      | Found a faded altar of an unknown god.
  1961 | D:3      | Noticed Terence
  1989 | D:3      | Killed Terence
  2153 | D:3      | Learned a level 2 spell: Song of Slaying
  2216 | D:3      | Found a sparkling altar of Nemelex Xobeh.
  2321 | D:3      | Killed Sigmund
  2321 | D:3      | Reached XP level 6. HP: 22/48 MP: 9/9
  2594 | D:3      | Found a glowing golden altar of the Shining One.
  2865 | D:4      | Gained mutation: Your magical capacity is low. (-10% MP) [Ru sacrifice]
  2881 | D:4      | Found a staircase to the Ecumenical Temple.
  2922 | D:4      | Reached skill level 5 in Charms
  2922 | D:4      | Reached XP level 7. HP: 3/55 MP: 9/9
  2923 | D:4      | Slain by a worker ant

Skill      XL: |  1  2  3  4  5  6 |
---------------+-------------------+-----
Long Blades    | 3 4 5 6 |  6.7
Fighting       | 3 4 |  4.9
Charms         | 4 5 |  5.0
Armour         | |  1.2
Dodging        | |  2.1
Spellcasting   | |  2.1

Action                   |  1- 3 |  4- 6 |  7- 9 || total
-------------------------+-------+-------+-------++-------
Melee: Falchion          |    10 |       |       ||    10
       Dagger            |   117 |   286 |       ||   403
Throw: Stone             |     2 |    54 |       ||    56
 Cast: Infusion          |     2 |     1 |       ||     3
Invok: Sacrifice Essence |       |     1 |       ||     1
 Abil: Hop               |     1 |       |       ||     1
  Use: Scroll            |       |     4 |       ||     4
       Potion            |       |     5 |       ||     5
  Eat: Chunk             |       |     6 |       ||     6
       Royal jelly       |       |     1 |       ||     1
Armor: Leather armour    |    17 |     9 |       ||    26
       Scale mail        |       |    87 |       ||    87
       Skin              |       |    20 |       ||    20
Dodge: Dodged            |    67 |   131 |       ||   198
       Rpst.: Falchion   |     1 |       |       ||     1
